 Dungeon Crawl Stone Soup version 0.30-a0-1053-gbd8d5ba0ad (webtiles) character file.

Game seed: 12445852115863808443

1159 senseless the Ruffian (level 8, -1/80 HPs)
             Began as a Troll Berserker on Apr 11, 2023.
             Was an Elder of Trog.
             Splashed by a jelly's acid (9 damage)
             ... on level 5 of the Dungeon.
             The game lasted 00:12:51 (4403 turns).

senseless the Ruffian (Troll Berserker)             Turns: 4403, Time: 00:12:53

Health: -1/80      AC:  0    Str: 28    XL:     8   Next: 16%
Magic:  7/7        EV: 11    Int:  3    God:    Trog [****..]
Gold:   237        SH:  0    Dex:  9    Spells: 7/7 levels left

rFire   . . .      SeeInvis .      - Unarmed
rCold   . . .      Faith    .    (no shield)
rNeg    . . .      Spirit   .    a - +0 animal skin
rPois   .          Reflect  .    (helmet restricted)
rElec   .          Rampage  .    (no cloak)
rCorr   .                        (gloves unavailable)
Will    .....                    (boots unavailable)
Stlth   +                        s - amulet of regeneration
HPRegen 1.93/turn                (no ring)
MPRegen 0.10/turn                (no ring)

@: mighty, lethally poisoned (-1 -> -4), corroded, on berserk cooldown
A: large, unfitting armour, claws 3, regeneration 1, shaggy fur 1, tough skin 1
a: Renounce Religion, Berserk, Trog's Hand, Brothers in Arms


You were on level 5 of the Dungeon.
You worshipped Trog.
Trog was greatly pleased with you.
You visited 1 branch of the dungeon, and saw 6 of its levels.

You collected 237 gold pieces.

Inventory:

Hand Weapons
 t - a +1 spectral flail
Armour
 a - a +0 animal skin (worn)
 w - a +0 kite shield
Jewellery
 d - a ring of positive energy
 s - an amulet of regeneration (around neck)
Wands
 q - a wand of polymorph (10)
Scrolls
 b - 2 scrolls of fear
 n - 2 scrolls of enchant weapon
 u - a scroll of silence
 y - 3 scrolls of magic mapping
Potions
 c - a potion of brilliance {unknown}
 f - 2 potions of might
 h - a potion of berserk rage {unknown}
 j - 2 potions of mutation {unknown}
 l - a potion of ambrosia {unknown}
 p - 3 potions of curing
 r - a potion of heal wounds {unknown}
 v - a potion of resistance {unknown}
 z - a potion of attraction {unknown}


   Skills:
 + Level 5.2 Fighting
 + Level 5.2 Dodging
 + Level 6.4 Unarmed Combat


You had 7 spell levels left.
You didn't know any spells.
Your spell library contained the following spells:

 Spells                   Type           Power      Damage    Failure   Level
 Borgnjor's Revivificati  Necr           0%         N/A       100%        8
 Necromutation            Tmut/Necr      0%         N/A       100%        8
 Death's Door             Necr           0%         N/A       100%        9


Dungeon Overview and Level Annotations

Branches:
Dungeon (6/15)
 Temple: D:4-7

Altars:
Hepliaklqana
Sif Muna
Vehumet

Annotations:
D:3 1 runed translucent door, minbekrie's ghost, amateur FoFi


Innate Abilities, Weirdness & Mutations

You are too large for most types of armour.
You have claws for hands.
Your natural rate of healing is unusually fast.
You are covered in fur. (AC +1)
You have tough skin. (AC +1)


Message History

The scorpion stings you but does no damage.
The jelly hits you. The acid corrodes you!
You are splashed with acid!
You feel very sick. The scorpion stings you.
You are more poisoned.
The scorpion poisons you!
You feel very sick. The jelly hits you. The acid corrodes you!
You are splashed with acid!
You feel very sick. The scorpion stings you.
You are more poisoned.
The scorpion poisons you! The scorpion attacks as you move away!
The scorpion closely misses you.
You feel very sick. The scorpion stings you!
* * * LOW HITPOINT WARNING * * *
You are more poisoned.
The scorpion poisons you! The jelly closely misses you.
You feel extremely sick. The scorpion misses you.
There is a stone staircase leading up here.
You feel yourself speed up.
You feel very sick. The scorpion barely misses you.
The jelly closely misses you. The scorpion barely misses you.
The jelly barely misses you.
You climb upwards.
You feel very sick.
There is a stone staircase leading down here.
You feel better. The scorpion closely misses you. The jelly hits you.
* * * LOW HITPOINT WARNING * * *
You are splashed with acid!
* * * LOW HITPOINT WARNING * * *
You feel very mighty all of a sudden. The scorpion stings you.
* * * LOW HITPOINT WARNING * * *
You are poisoned.
The scorpion poisons you! The jelly hits you.
* * * LOW HITPOINT WARNING * * *
You are splashed with acid!
You die...

#..##### #######..###.).#
##.....# #...[.#...####.#
#####.# #.###.##..# #.#
#.#######.# #.#...####.#
#.........###.#..#..[..#####
#.!...........#..#.#####≈≈≈#
#.##.##.#.))###..#....#≈≈≈≈≈
#.##.##.###J###..#..###≈≈≈≈≈
#.##....# #@s.......#.#≈♣8♣≈
#.###############...#.#♣...♣
#.# #[..............#.#.._..
#.# #.###########.#.#.#♣...♣
#.###....^........#.#.##♣.♣#
#.........#########.#.(##'#
### #########.#
#.....#.....# ..# #.#
#.###...##### #.#
#.#####.###.###


You could see a scorpion and a jelly.

Vanquished Creatures
  A shadow (D:6)
  A sky beast (D:6)
  A black bear (D:5)
  A gnoll sergeant (D:5)
  An orc priest (D:2)
  5 hounds
  A gnoll bouda (D:5)
  A jelly (D:5)
  Jessica (D:3)
  An iguana (D:2)
  Terence (D:3)
  3 orc wizards
  Ijyb (D:3)
  Natasha (twice) (D:3)
  Robin (D:2)
  9 gnolls (D:5)
  7 adders
  A white imp (D:6)
  2 worms (D:2)
  7 dart slugs
  14 orcs
  5 ball pythons
  3 bats (D:1)
  6 endoplasms
  7 giant cockroaches
  10 goblins
  11 hobgoblins
  2 jackals (D:1)
  5 quokkas
  6 frilled lizards
  7 kobolds
  3 rats
127 creatures vanquished.

Notes
Turn   | Place    | Note
-------+----------+-------------------------------------------
     0 | D:1      | senseless the Troll Berserker began the quest for the Orb.
     0 | D:1      | Reached XP level 1. HP: 22/22 MP: 0/0
   118 | D:1      | Reached XP level 2. HP: 29/29 MP: 1/1
   475 | D:1      | Reached XP level 3. HP: 36/36 MP: 2/2
   548 | D:1      | Reached ** piety under Trog
   832 | D:2      | Noticed Robin
   854 | D:2      | Reached XP level 4. HP: 45/45 MP: 3/3
   865 | D:2      | Killed Robin
   947 | D:2      | Reached skill level 4 in Unarmed Combat
  1141 | D:2      | Reached XP level 5. HP: 53/53 MP: 4/4
  1298 | D:3      | Noticed Jessica
  1302 | D:3      | Killed Jessica
  1450 | D:3      | Noticed Terence
  1458 | D:3      | Killed Terence
  1670 | D:3      | Reached *** piety under Trog
  1776 | D:3      | Noticed Natasha
  1786 | D:3      | Killed Natasha
  1903 | D:3      | Reached XP level 6. HP: 58/62 MP: 5/5
  1952 | D:3      | Found a runed translucent door.
  1953 | D:3      | Noticed minbekrie's ghost (amateur FoFi)
  1987 | D:3      | Noticed Ijyb
  1997 | D:3      | Killed Ijyb
  2008 | D:3      | Found a shimmering blue altar of Sif Muna.
  2367 | D:3      | Noticed Natasha
  2371 | D:3      | Killed Natasha
  3550 | D:3      | Found a radiant altar of Vehumet.
  3698 | D:5      | Entered Level 5 of the Dungeon
  3709 | D:5      | Reached skill level 5 in Unarmed Combat
  3741 | D:5      | Reached XP level 7. HP: 67/71 MP: 6/6
  3771 | D:5      | Found a hazy altar of Hepliaklqana.
  4131 | D:5      | Reached skill level 6 in Unarmed Combat
  4227 | D:5      | Identified the +7 plate armour of Death Resistance {+Inv}
  4354 | D:6      | Noticed a shadow
  4365 | D:6      | Killed a shadow
  4366 | D:6      | Reached skill level 5 in Fighting
  4366 | D:6      | Reached skill level 5 in Dodging
  4366 | D:6      | Reached XP level 8. HP: 80/80 MP: 7/7
  4370 | D:6      | Reached **** piety under Trog
  4403 | D:5      | Splashed by a jelly's acid

Illustrated notes

Levels and vault maps discovered:
D:1:      sevenhm_arrival_forest_fort_large_1, layout_basic
D:2:      layout_rooms, uniq_robin
D:3:      layout_loops_ring, nicolae_overflow_hidden_temple,
          lemuel_blue_sif_altar, gammafunk_ghost_grave, kennysheep_doodads,
          uniq_natasha, uniq_ijyb, uniq_jessica, uniq_terence
D:4:      layout_cave_pods
D:5:      layout_basic, worldfamousw_hep_ancestral_shrine, minmay_between
D:6:      layout_rooms, mainiacjoe_overflow_alcove_2, mainiacjoe_overflow_paths,
          minmay_temple_entry_waves

Skill      XL: |  1  2  3  4  5  6  7 |
---------------+----------------------+-----
Fighting       | 3 4 5 |  5.2
Dodging        | 3 4 5 |  5.2
Unarmed Combat | 4 5 6 |  6.4

Action                     |  1- 3 |  4- 6 |  7- 9 || total
---------------------------+-------+-------+-------++-------
  Melee: Unarmed           |    84 |   159 |    71 ||   314
         Punch             |     3 |     1 |     1 ||     5
 Invoke: Berserk           |     1 |     4 |     4 ||     9
    Use: Scroll            |       |       |    13 ||    13
         Potion            |       |       |     2 ||     2
   Stab: Sleeping          |       |       |     1 ||     1
 Armour: Animal skin       |    27 |    41 |    16 ||    84
  Dodge: Dodged            |    57 |    56 |    34 ||   147

Table legend: (Time is in decaauts)
 A = Elapsed time spent in this place.
 B = Non-inter-level travel time spent in this place.
 C = Inter-level travel time spent in this place.
 D = Time resting spent in this place.
 E = Time spent auto-exploring this place.
 F = Levels seen in this place.
 G = Mean time per level.
                   A        B        C        D        E       F      G
               +--------+--------+--------+--------+--------+-----+--------+
         Total |   4472 |   3735 |    737 |     70 |   2664 |   6 |  745.3 |
       Dungeon |   4472 |   3735 |    737 |     70 |   2664 |   6 |  745.3 |
               +--------+--------+--------+--------+--------+-----+--------+

Top non-repeatable levels by time:
     D:3: 1577 daAuts
     D:4: 849 daAuts
     D:1: 790 daAuts
     D:5: 691 daAuts
     D:2: 504 daAuts
     D:6: 59 daAuts
